 Dungeon Crawl Stone Soup version 0.17.1-3-g152610e (webtiles) character file.

280 GFox the Ruffian (level 6, -8/56 HPs)
             Began as a Minotaur Monk on Apr 17, 2016.
             Killed from afar by Eustachio (9 damage)
             ... with a wand of frost
             ... on level 4 of the Dungeon.
             The game lasted 00:33:55 (3668 turns).

GFox the Ruffian (Minotaur Monk)                    Turns: 3668, Time: 00:33:59

Health: -8/56      AC: 13    Str: 13      XL:     6   Next: 5%
Magic:  5/5        EV:  4    Int:  7      God:
Gold:   125        SH:  0    Dex: 14 (15) Spells: 0 memorised, 5 levels left

rFire  . . .     SeeInvis .     d - +9 trident of Ruexkike {drain, rN++ MR+ Str-4 Dex+2}
rCold  . . .     Clarity  .     k - +1 plate armour
rNeg   + + .     SustAt   .     (no shield)
rPois  .         Gourm    .     (helmet restricted)
rElec  .         Spirit   .     (no cloak)
rCorr  .         Warding  .     m - +0 pair of gloves
rMut   .         Stasis   .     (no boots)
MR     +....                    (no amulet)
Stlth  ..........               (no ring)
                                (no ring)

@: somewhat resistant to hostile enchantments, extremely unstealthy
A: retaliatory headbutt, horns 2
a: no special abilities


You were on level 4 of the Dungeon.
You were not hungry.

You visited 1 branch of the dungeon, and saw 4 of its levels.

You collected 125 gold pieces.

Inventory:

Hand Weapons
 d - the +9 trident of Ruexkike (weapon) {drain, rN++ MR+ Str-4 Dex+2}
   (You found it on level 4 of the Dungeon)

   A truly terrible weapon, it drains the life of those it strikes.
   It affects your strength (-4).
   It affects your dexterity (+2).
   It greatly protects you from negative energy.
   It affects your resistance to hostile enchantments.
 g - a +1 long sword of slicing
Armour
 k - a +1 plate armour (worn)
 m - a +0 pair of gloves (worn)
Scrolls
 h - a scroll of fear
Comestibles
 b - 2 bread rations
 f - 2 meat rations
 l - a slice of pizza


   Skills:
 + Level 5.4 Fighting
 + Level 0.5 Long Blades
 + Level 3.6 Armour
 + Level 4.0 Dodging
 + Level 1.8 Stealth
 + Level 5.5 Unarmed Combat


You had 5 spell levels left.
You didn't know any spells.

Dungeon Overview and Level Annotations

Branches:
Dungeon (4/15)
 Temple: D:4-7

Altars:
Sif Muna
Xom
Zin

Annotations:
D:4 Eustachio


Innate Abilities, Weirdness & Mutations

You reflexively headbutt those who attack you in melee.
You have a pair of horns on your head.


Message History

Eustachio is lightly wounded.
Eustachio zaps a wand.
The puff of frost hits you!
Read which item? (? for menu, Esc to quit)
As you read the scroll of fear, it crumbles to dust.
You assume a fearsome visage.
Eustachio looks frightened!
Eustachio gestures wildly while chanting.
Eustachio blinks!
There's something blocking the doorway.
Eustachio mumbles some strange words.
Eustachio blinks!
There is an open door, spattered with blood here.
Items here: )) [[ ††† You hit Eustachio.
Your attack snaps Eustachio out of his fear.
Your headbutt misses Eustachio.
Eustachio is lightly wounded.
Eustachio hits you with a rapier.
* * * LOW HITPOINT WARNING * * *
Eustachio zaps a wand.
The puff of frost hits you!
You die...

....##.# #..........
....##.# #..........
....##.# ##+#+######
....##.# ....##.#
######'##### b..........#
#+#+# # ####.......# #.#.#
.# # #.......# #r#@## ..##
####.......# #..@.# .....
.............#....###......
.###.......###.............
.###.#'########....##.#####
.....#........>..§.# #
######.#.####......##
.......#...##.......#
##########.##.#...#.#


You could see Eustachio.

Vanquished Creatures
  A water moccasin skeleton (D:4)
  A quasit (D:3)
  An orc priest (D:3)
  Jessica (D:3)
  7 adders
  4 giant geckos
  8 orcs
  9 bats
  12 hobgoblins
  2 jackals (D:3)
  6 kobolds (D:2)
  2 quokkas (D:3)
  4 giant cockroaches
  3 giant newts
  8 goblins
  3 rats
72 creatures vanquished.

Notes
Turn   | Place    | Note
--------------------------------------------------------------
     0 | D:1      | GFox the Minotaur Monk began the quest for the Orb.
     0 | D:1      | Reached XP level 1. HP: 19/19 MP: 0/0
   212 | D:1      | Reached XP level 2. HP: 27/27 MP: 1/1
   911 | D:2      | Reached skill level 5 in Unarmed Combat
   918 | D:2      | Reached XP level 3. HP: 26/33 MP: 2/2
  1203 | D:2      | Found a shimmering altar of Xom.
  1634 | D:2      | Reached XP level 4. HP: 41/41 MP: 3/3
  1915 | D:3      | Noticed Jessica
  1933 | D:3      | Killed Jessica
  1933 | D:3      | Reached skill level 1 in Armour
  2213 | D:3      | Found a glowing silver altar of Zin.
  2686 | D:3      | Reached skill level 5 in Fighting
  2686 | D:3      | Reached XP level 5. HP: 38/48 MP: 4/4
  3077 | D:3      | Found a deep blue altar of Sif Muna.
  3522 | D:4      | Got a smoking trident
  3525 | D:4      | Identified the +9 trident of Ruexkike {drain, rN++ MR+ Str-4 Dex+2} (You found it on level 4 of the Dungeon)
  3622 | D:4      | Reached XP level 6. HP: 51/56 MP: 5/5
  3627 | D:4      | Noticed Eustachio
  3664 | D:4      | HP: 2/56 [Eustachio/wand of frost (9)]
  3668 | D:4      | Killed from afar by Eustachio

Action                   |  1- 3 |  4- 6 || total
-------------------------+-------+-------++-------
Melee: Unarmed           |    93 |    75 ||   168
       Long sword        |       |    30 ||    30
       Trident           |       |    33 ||    33
  Use: Scroll            |       |     8 ||     8
       Potion            |       |     4 ||     4
 Stab: Sleeping          |     1 |       ||     1
  Eat: Chunk             |     2 |     6 ||     8
       Bread ration      |       |     1 ||     1
